 Dungeon Crawl Stone Soup version 0.30.1-3-gfc49f6343a (webtiles) character file.

Game seed: 4272398250646340953

25 Bronimir the Insei (level 2, -1/23 HPs)
             Began as a Demigod Transmuter on July 29, 2023.
             Slain by a gnoll
             ... wielding a +0 club
              (5 damage)
             ... on level 2 of the Dungeon.
             The game lasted 00:02:52 (932 turns).

Bronimir the Insei (Demigod Transmuter)              Turns: 932, Time: 00:02:53

Health: -1/23      AC:  5    Str: 11    XL:     2   Next: 66%
Magic:  7/7        EV: 10    Int: 15    God:
Gold:   142        SH:  0    Dex: 14    Spells: 1/4 levels left

rFire   . .          .
                       - Unarmed
rCold   . . .        (no shield)
rNeg    . . .        c - +0 ring mail
rPois   .            (no helmet)
rElec   .            (no cloak)
rCorr   .            (no gloves)
SInv    .            (no boots)
Will    .....        (no amulet)
Stlth   +            (no ring)
HPRegen 0.23/turn    (no ring)
MPRegen 0.10/turn

%: no passive effects
@: no status effects
A: high MP 1, forlorn, divine attributes
a: no special abilities


You were on level 2 of the Dungeon.
You visited 1 branch of the dungeon, and saw 2 of its levels.

You collected 142 gold pieces.

Inventory:

Armour
 a - a +0 robe
 c - a +0 ring mail (worn)
 h - an orb of mayhem
Potions
 b - a potion of lignification
 d - a potion of invisibility {unknown}
 e - a potion of heal wounds {unknown}
 f - a potion of curing {unknown}
 g - a potion of degeneration {unknown}


   Skills:
 * Level 1.0 Fighting
 * Level 0.1 Armour
 + Level 1.9 Dodging
 * Level 3.5 Unarmed Combat
 + Level 1.9 Spellcasting
 + Level 1.8 Transmutations


You had one spell level left.
You knew the following spells:

 Your Spells              Type           Power      Damage    Failure   Level
a - Beastly Appendage     Tmut           12%        N/A       26%         1
b - Wereblood             Tmut           6%         N/A       36%         2

Your spell library contained the following spells:

 Spells                   Type           Power      Damage    Failure   Level
 Spider Form              Tmut/Pois      4%         N/A       75%         3
 Ice Form                 Ice/Tmut       4%         N/A       98%         4


Dungeon Overview and Level Annotations

Branches:
Dungeon (2/15)

Shops:
D:1 ?![(


Innate Abilities, Weirdness & Mutations

You have an increased reservoir of magic. (+10% MP)
You shall have no god before yourself.
Your divine heritage dramatically boosts your attributes as you level up.


Message History

A gnoll is nearby!
The gnoll shouts!
The gnoll hits you with a +0 club.
You see here a bat corpse.
You hit the gnoll.
The gnoll is moderately wounded.
The gnoll closely misses you.
You closely miss the gnoll.
The gnoll is moderately wounded.
The gnoll hits you but does no damage.
You barely miss the gnoll.
The gnoll is moderately wounded.
The gnoll hits you with a +0 club.
You barely miss the gnoll.
The gnoll is moderately wounded.
A gnoll comes into view. It is wielding a +0 flail.
The gnoll closely misses you.
You barely miss the gnoll.
The gnoll is moderately wounded.
The gnoll closely misses you.
You hit the gnoll.
The gnoll is heavily wounded.
The gnoll hits you with a +0 club.
You hit the gnoll.
The gnoll is heavily wounded.
The gnoll hits you with a +0 flail. The gnoll hits you with a +0 club.
* * * LOW HITPOINT WARNING * * *
You are too injured to fight recklessly!
You are too injured to fight recklessly!
The gnoll attacks as you move away! The gnoll hits you with a +0 club.
* * * LOW HITPOINT WARNING * * *
The gnoll attacks as you move away! The gnoll hits you but does no damage.
A gnoll comes into view. It is wielding a +0 flail.
The gnoll shouts!
The gnoll barely misses you.
There is a stone staircase leading up here.
The gnoll attacks as you move away! The gnoll hits you but does no damage.
The gnoll attacks as you move away! The gnoll barely misses you.
The gnoll attacks as you move away! The gnoll hits you with a +0 club.
You die...

##### #### #######...#
#.. ..# ..).......# #.#
##.#### .######...####.#
#.....### .# ##.......#
#...?... .# #######.#
#.....#
.#######.......#####....#
........).####..@g......#
########. ####g.....$#
#....†...# #.g...†).#
#...####.# ###.. ... #.##
.### #!# .# ..# .#


You could see 3 gnolls.

Vanquished Creatures
  An adder (D:2)
  5 bats
  2 endoplasms (D:1)
  2 goblins (D:2)
  A hobgoblin (D:1)
  A ball python (D:2)
  A frilled lizard (D:1)
  2 kobolds
  2 rats (D:1)
17 creatures vanquished.

Notes
Turn   | Place    | Note
-------+----------+-------------------------------------------
     0 | D:1      | Bronimir the Demigod Transmuter began the quest for the
                  | Orb.
     0 | D:1      | Reached XP level 1. HP: 15/15 MP: 5/5
   103 | D:1      | Reached skill level 1 in Fighting
   103 | D:1      | Reached skill level 3 in Unarmed Combat
   108 | D:1      | Found Ypeesk's Antique Armour Shoppe.
   256 | D:1      | Found Heman's Antique Weapon Emporium.
   457 | D:1      | Found Asok's Distillery.
   491 | D:1      | Reached XP level 2. HP: 19/23 MP: 7/7
   525 | D:1      | Found Cyfferog's Magic Scroll Shop.
   805 | D:2      | Learned a level 2 spell: Wereblood
   932 | D:2      | Slain by a gnoll

Illustrated notes

Levels and vault maps discovered:
D:1:      roderic_octagonal_star, layout_basic, serial_shops, shop,
          nicolae_shop_waterfront, shop, shop
D:2:      layout_loops_ring, basic_altar, dreamdust_wishing_well

Skill      XL: |  1 |
---------------+----+-----
Fighting       | 1 |  1.0
Unarmed Combat | 3 |  3.5
Armour         | |  0.1
Dodging        | |  1.9
Spellcasting   | |  1.9
Transmutations | |  1.8

Action                     || total
---------------------------++-------
  Melee: Unarmed           ||    76
         Punch             ||     1
 Armour: Robe              ||    11
         Ring mail         ||    26
  Dodge: Dodged            ||    40
